 Dungeon Crawl Stone Soup version 0.18-a0-1418-ga86aa8f (webtiles) character file.

38 M4edhros the Charlatan (level 3, -1/23 HPs)
             Began as an Octopode Artificer on Feb 26, 2016.
             Slain by a hound (5 damage)
             ... on level 4 of the Dungeon.
             The game lasted 00:01:07 (809 turns).

M4edhros the Charlatan (Octopode Artificer)          Turns: 809, Time: 00:01:07

Health: -1/23      AC:  1    Str: 10    XL:     3   Next: 43%
Magic:  5/5        EV: 12    Int: 15    God:
Gold:   12         SH:  0    Dex: 12    Spells: 0 memorised, 2 levels left

rFire  . . .     SeeInvis .       - Unarmed
rCold  . . .     Gourm    .     (no shield)
rNeg   . . .     Faith    .     (helmet restricted)
rPois  .         Spirit   .     (no amulet)
rElec  .         Dismiss  .     j - ring of flight
rCorr  .         Reflect  .     (no ring)
SustAt .         Harm     .     (no ring)
MR     .....                    (no ring)
Stlth  +++.......               (no ring)
                                (no ring)
                                (no ring)
                                (no ring)

@: lethally poisoned (-1 -> -11), not resistant to hostile enchantments, fairly
stealthy
A: almost no armour, amphibious, 8 rings, constrict 8, camouflage 1, gelatinous
body 1
a: Evoke Flight


You were on level 4 of the Dungeon.
You were not hungry.

You visited 1 branch of the dungeon, and saw 3 of its levels.

You collected 12 gold pieces.

Inventory:

Jewellery
 j - a ring of flight (left tentacle)
Wands
 b - a wand of flame (15/48)
 c - a wand of enslavement (9/24)
 d - a wand of random effects (13/48)
Scrolls
 e - a scroll of recharging {unknown}
 g - 2 scrolls of immolation {unknown}
 h - a scroll of remove curse {unknown}
 i - a scroll of blinking {unknown}
Potions
 k - 2 potions of heal wounds {unknown}
Comestibles
 a - 2 meat rations
 f - a bread ration


   Skills:
 - Level 1.0 Fighting
   Level 1.0 Short Blades
 - Level 2.0 Dodging
 - Level 1.3 Stealth
 + Level 3.0 Unarmed Combat
 - Level 3.2 Evocations


You had 2 spell levels left.
You didn't know any spells.

Dungeon Overview and Level Annotations

Branches:
Dungeon (2/15)

Altars:


Innate Abilities, Weirdness & Mutations

You cannot wear most types of armour.
You are amphibious.
You can wear up to eight rings at the same time.
You can use your tentacles to constrict eight enemies at once.
Your skin changes colour to match your surroundings (Stealth).
Your rubbery body absorbs attacks (AC +1).


Message History

This wand has 11 charges left.
The scorpion stings you.
You are lethally poisoned!
The scorpion poisons you!
You feel sick.
Evoke which item? (* to show all) (? for menu, Esc to quit)
Zapping:
c - a wand of enslavement (11/24)
Press: ? - help, Shift-Dir - straight line, f/p - howler monkey
Aim: a howler monkey (catching its breath, chance to defeat MR: 62%)
The hound resists with significant effort.
This wand has 10 charges left.
You feel sick. The hound bites you. x2
* * * LOW HITPOINT WARNING * * *
Evoke which item? (* to show all) (? for menu, Esc to quit)
Zapping:
c - a wand of enslavement (10/24)
Press: ? - help, Shift-Dir - straight line, f/p - howler monkey
Aim: a howler monkey (chance to defeat MR: 62%)
The hound resists with significant effort.
This wand has 9 charges left.
* * * LOW HITPOINT WARNING * * *
You feel sick. The hound bites you.
You die...

#...........
#...........
#...........
#######'#.#.#.#+#
...h.hh#.#.#.#.#
#######h#.#.#.#.#
##s#.#.#.#.
#.#h#.#.#.
##.#@#.#.
#.#.#.#.# ##.#
#.#.# #.# #%#. ##
#.# #?# #.# #.


You could see a scorpion, a howler monkey, a hound and 2 jackals.

Vanquished Creatures
  2 adders (D:2)
  A worm (D:2)
  A dart slug (D:1)
  A giant cockroach (D:1)
  2 goblins (D:1)
  2 hobgoblins (D:1)
  A giant newt (D:1)
  3 kobolds (D:1)
  4 rats (D:1)
17 creatures vanquished.

Notes
Turn   | Place    | Note
--------------------------------------------------------------
     0 | D:1      | M4edhros the Octopode Artificer began the quest for the Orb.
     0 | D:1      | Reached XP level 1. HP: 13/13 MP: 3/3
    43 | D:1      | Reached skill level 1 in Unarmed Combat
   140 | D:1      | Reached XP level 2. HP: 18/18 MP: 4/4
   551 | D:2      | Reached XP level 3. HP: 10/23 MP: 5/5
   707 | D:2      | You fall through a shaft for 2 floors!
   793 | D:4      | Noticed a scorpion
   809 | D:4      | Slain by a hound

Vault maps used:
D:1:      dpeg_arrival_pond
D:2:      kennysheep_big_flooded_room, kennysheep_generic_room_12
D:4:      minmay_temple_entry_fiery, serial_bayou_pond_b,
          nicolae_ru_great_annihilating_truth

Skill      XL: |  1  2  3 |
---------------+----------+-----
Unarmed Combat | 1 2 3 |  3.0
Fighting       | |  1.0
Short Blades   | |  1.0
Dodging        | |  2.0
Stealth        | |  1.3
Evocations     | |  3.2

Action                   || total
-------------------------++-------
Melee: Unarmed           ||    44
Evoke: Wand              ||     8
 Stab: Sleeping          ||     5
